 Dungeon Crawl Stone Soup version 0.26-a0-812-g31a745ddcd (webtiles) character file.

Game seed: 593728954406614527

631099 Arthanis the Axe Maniac (level 27, -4/288 HPs)
             Began as a Gargoyle Berserker on Nov 25, 2020.
             Was a High Priest of Trog.
             Slain by a caustic shrike (21 damage)
             ... on level 2 of the Realm of Zot.
             The game lasted 01:54:47 (60661 turns).

Arthanis the Axe Maniac (Gargoyle Berserker)       Turns: 60661, Time: 01:54:47

Health: -4/288     AC: 46    Str: 31    XL:     27
Magic:  1/20       EV: 12    Int: 18    God:    Trog [*****.]
Gold:   7432       SH: 12    Dex: 12    Spells: 26/26 levels left

rFire    + + .     SeeInvis +   K - +1 war axe (vamp)
rCold    + + +     Faith    .   d - +2 buckler {AC+3}
rNeg     + + .     Spirit   .   M - +8 gold dragon scales
rPois    ∞         Reflect  +   B - +2 helmet {SInv}
rElec    +         Harm     .   W - scarf {repulsion}
rCorr    +         Rampage  .   b - +0 pair of gloves {Dex+3}
MR       +++++     Rnd*Rage +   h - +0 pair of boots {run}
Stlth    ..........             C - amulet "Bedaaneu" {Reflect rC+++ Str+3 SH+5 Stlth-}
HPRegen  1.58/turn              E - ring "Wempitav" {rF+ rC+ rN+ Str+6 Slay+3}
MPRegen  0.17/turn              a - ring of Jigimy Leulu {rC- MR+++ rCorr Slay+4}

@: berserking (expiring), corroded, flying, regenerating, repel missiles, very
quick
A: big wings, berserk 1, low mp 1, negative energy resistance 1, electricity
resistance, weak 1, unbreathing, petrification resistance, rot immunity, AC +20
}: 4/15 runes: decaying, serpentine, slimy, silver
a: Stop Flying, Berserk, Trog's Hand, Brothers in Arms, Renounce Religion


You were on level 2 of the Realm of Zot.
You worshipped Trog.
Trog was extremely pleased with you.
You visited 10 branches of the dungeon, and saw 51 of its levels.
You also visited: Gauntlet, Ice Cave, Volcano and Wizlab.

You collected 10650 gold pieces.
You spent 3218 gold pieces at shops.

Inventory:

Hand Weapons
 l - a +4 antimagic battleaxe
 m - the +3 hand axe of Lul Funlyt {antimagic, +Rage MR+}
   (You found it on level 3 of the Swamp)

   It reduces the magical energy of the wielder, and disrupts the spells and
   magical abilities of those hit.
   Natural abilities and divine invocations are not affected.
   It affects your resistance to hostile enchantments.
   It lets you go berserk.
 y - a +5 executioner's axe of freezing
 K - a +1 vampiric war axe (weapon)
 P - a +4 broad axe of flaming
 R - the +8 broad axe "Vuis" {protect, +Blink Dex+2}
   (You found it on level 2 of the Depths)

   It grants its wielder temporary protection when it strikes (+7 to AC).
   It affects your dexterity (+2).
   It lets you blink.
Armour
 b - a +0 pair of gloves of dexterity (worn)
 d - a +2 buckler of protection (worn)
 h - a +0 pair of boots of running (worn)
 j - a +0 buckler of resistance
 B - a +2 helmet of see invisible (worn)
 M - +8 gold dragon scales (worn)
 Q - a scarf of resistance
 W - a scarf of repulsion (worn)
Jewellery
 a - the ring of Jigimy Leulu (right hand) {rC- MR+++ rCorr Slay+4}
   (You bought it in a shop on level 1 of the Elven Halls)

   [ring of resist corrosion]

   It affects your accuracy and damage with ranged weapons and melee attacks
   (+4).
   It makes you vulnerable to cold.
   It affects your resistance to hostile enchantments.
   It provides partial protection from all sources of acid and corrosion.
 p - the ring of Lyamn {rF+ Str+4}
   (You took it off a deep elf sorcerer on level 3 of the Elven Halls)

   [ring of protection from fire]

   It affects your strength (+4).
   It protects you from fire.
 C - the amulet "Bedaaneu" (around neck) {Reflect rC+++ Str+3 SH+5 Stlth-}
   (You found it in a Gauntlet)

   [amulet of reflection]

   It shields you and reflects attacks.
   It affects your strength (+3).
   It renders you almost immune to cold.
   It affects your SH (+5).
   It makes you less stealthy.
 E - the ring "Wempitav" (left hand) {rF+ rC+ rN+ Str+6 Slay+3}
   (You found it on level 6 of the Lair of Beasts)

   [ring of strength]

   It affects your strength (+6).
   It affects your accuracy and damage with ranged weapons and melee attacks
   (+3).
   It protects you from fire.
   It protects you from cold.
   It protects you from negative energy.
 J - the ring "Sont" {+Inv rF+ Str+2 Int+3 Stlth+}
   (You found it on level 5 of the Vaults)

   [ring of stealth]

   It affects your strength (+2).
   It affects your intelligence (+3).
   It protects you from fire.
   It lets you turn invisible.
   It makes you more stealthy.
 N - the ring of Phasing {EV+8}
   (You found it on level 3 of the Elven Halls)

   [ring of evasion]

   It affects your evasion (+8).
Wands
 v - a wand of acid (49)
 w - a wand of disintegration (31)
 U - a wand of iceblast (67)
 Y - a wand of digging (6)
Scrolls
 c - a scroll of holy word
 e - 33 scrolls of remove curse
 i - 10 scrolls of enchant weapon
 o - 2 scrolls of summoning
 r - 11 scrolls of fog
 t - 8 scrolls of immolation
 u - 8 scrolls of magic mapping
 F - 28 scrolls of teleportation
 H - 8 scrolls of blinking
 O - 4 scrolls of fear
 T - 3 scrolls of silence
 V - 3 scrolls of identify
Potions
 f - 28 potions of curing
 g - 7 potions of haste
 k - 6 potions of might
 n - 16 potions of heal wounds
 s - 5 potions of mutation
 x - 7 potions of attraction
 z - 4 potions of invisibility
 A - 3 potions of berserk rage
 G - 6 potions of resistance
 I - 13 potions of brilliance
 L - 12 potions of lignification
 S - 5 potions of magic
 X - 3 potions of cancellation
 Z - 7 potions of ambrosia
Miscellaneous
 q - a box of beasts
 D - a lightning rod (4/4)


   Skills:
 + Level 24.6 Fighting
 O Level 27 Axes
 - Level 20.0 Armour
 - Level 10.0 Dodging
 - Level 6.0 Shields
 - Level 16.1 Evocations


You had 26 spell levels left.
You didn't know any spells.
Your spell library contained the following spells:

 Spells                   Type           Power        Failure   Level
 Animate Skeleton         Necr           #.....       90%         1
 Apportation              Tloc           #.....       90%         1
 Beastly Appendage        Tmut           #.....       90%         1
 Corona                   Hex            #......      90%         1
 Foxfire                  Conj/Fire      #...         90%         1
 Magic Dart               Conj           #...         90%         1
 Pain                     Necr           #...         90%         1
 Sandblast                Erth           #.....       90%         1
 Shock                    Conj/Air       #...         90%         1
 Sting                    Tmut/Pois      #...         90%         1
 Blink                    Tloc           N/A          97%         2
 Call Imp                 Summ           #.......     97%         2
 Corpse Rot               Necr/Air       N/A          97%         2
 Ensorcelled Hibernation  Hex/Ice        #.....       97%         2
 Passwall                 Tmut/Erth      #.......     97%         2
 Poisonous Vapours        Pois/Air       #.....       97%         2
 Searing Ray              Conj           #.....       97%         2
 Slow                     Hex            #.......     97%         2
 Swiftness                Air            #.......     97%         2
 Wereblood                Tmut           #.......     97%         2
 Confusing Touch          Hex            #.......     99%         3
 Conjure Flame            Conj/Fire      #.......     99%         3
 Dazzling Flash           Conj/Hex       #.....       99%         3
 Frozen Ramparts          Ice            #.....       99%         3
 Gell's Gravitas          Tloc           #.........   99%         3
 Ignite Poison            Fire/Tmut/Pois #.......     99%         3
 Inner Flame              Hex/Fire       #.......     99%         3
 Lesser Beckoning         Tloc           #.........   99%         3
 Mephitic Cloud           Conj/Pois/Air  #.......     99%         3
 Portal Projectile        Hex/Tloc       #.....       99%         3
 Spider Form              Tmut/Pois      #.........   99%         3
 Static Discharge         Conj/Air       #.......     99%         3
 Stone Arrow              Conj/Erth      #.....       99%         3
 Tukima's Dance           Hex            #.......     99%         3
 Vampiric Draining        Necr           #.........   99%         3
 Airstrike                Air            #.........   100%        4
 Animate Dead             Necr           #.........   100%        4
 Cause Fear               Hex            #.........   100%        4
 Dispel Undead            Necr           #.......     100%        4
 Fulminant Prism          Conj/Hex       #.........   100%        4
 Ice Form                 Ice/Tmut       #.......     100%        4
 Iskenderun's Mystic Bla  Conj/Tloc      #.......     100%        4
 Leda's Liquefaction      Hex/Erth       #.........   100%        4
 Olgreb's Toxic Radiance  Pois           #.......     100%        4
 Passage of Golubria      Tloc           N/A          100%        4
 Petrify                  Tmut/Erth      #.......     100%        4
 Sticky Flame             Conj/Fire      #.......     100%        4
 Agony                    Necr           #.......     100%        5
 Alistair's Intoxication  Tmut/Pois      #........    100%        5
 Blade Hands              Tmut           #.........   100%        5
 Bolt of Magma            Conj/Fire/Erth #.........   100%        5
 Borgnjor's Vile Clutch   Necr/Erth      #.........   100%        5
 Excruciating Wounds      Necr           #.........   100%        5
 Irradiate                Conj/Tmut      #.........   100%        5
 Iskenderun's Battlesphe  Conj           #.......     100%        5
 Lee's Rapid Deconstruct  Erth           #.........   100%        5
 Lightning Bolt           Conj/Air       #.........   100%        5
 Metabolic Englaciation   Hex/Ice        #.........   100%        5
 Silence                  Hex/Air        #.........   100%        5
 Summon Demon             Summ           #.........   100%        5
 Summon Forest            Summ/Tloc      #.........   100%        5
 Summon Mana Viper        Hex/Summ       #.......     100%        5
 Yara's Violent Unravell  Hex/Tmut       #.........   100%        5
 Conjure Ball Lightning   Conj/Air       #.........   100%        6
 Death Channel            Necr           #.........   100%        6
 Eringya's Noxious Bog    Tmut/Pois      #.........   100%        6
 Freezing Cloud           Conj/Ice/Air   #.........   100%        6
 Hydra Form               Tmut           #.........   100%        6
 Invisibility             Hex            #.......     100%        6
 Iron Shot                Conj/Erth      #.........   100%        6
 Shadow Creatures         Summ           N/A          100%        6
 Simulacrum               Ice/Necr       #.........   100%        6
 Dragon Form              Tmut           #.........   100%        7
 Orb of Destruction       Conj           #.........   100%        7
 Spellforged Servitor     Conj/Summ      #.........   100%        7
 Summon Hydra             Summ           #.........   100%        7
 Chain Lightning          Conj/Air       #.........   100%        8
 Discord                  Hex            #.........   100%        8
 Ignition                 Fire           #.........   100%        8
 Lehudib's Crystal Spear  Conj/Erth      #.........   100%        8
 Absolute Zero            Ice            #.........   100%        9
 Fire Storm               Conj/Fire      #.........   100%        9
 Shatter                  Erth           #.........   100%        9
 Tornado                  Air            #.........   100%        9
 Sublimation of Blood     Necr           Unusable     N/A         2
 Statue Form              Tmut/Erth      Unusable     N/A         6

Dungeon Overview and Level Annotations

Branches:
Dungeon (15/15)            Temple (0/1) D:6            Lair (6/6) D:10
  Swamp (4/4) Lair:3        Snake (4/4) Lair:4        Slime (5/5) Lair:6
    Orc (2/2) D:9             Elf (3/3) Orc:2        Vaults (5/5) D:13
  Crypt (0/3) Vaults:3     Depths (5/5) D:15            Zot (2/5) Depths:5
  IceCv (visited)         Volcano (visited)          WizLab (visited)
Gauntlet (visited)

Altars:
Elyvilon
Fedhas
Gozag
Hepliaklqana
Makhleb
Nemelex Xobeh
Uskayaw
Wu Jian

Shops:
D:6 (   D:9 }   D:10 (   D:14 [   Orc:2 =!*   Elf:1 =}=}   Elf:3 ?
Snake:1 :(*   Snake:2 }   Snake:3 ?==[(   Depths:1 *

Portals:
Hell: Depths:1 Depths:2 Depths:3 Depths:4 Depths:5
Abyss: Depths:3 Depths:4
Pandemonium: Depths:3
Ziggurat: Depths:1

Annotations:
Lair:3 exclusion: oklob plant
Lair:4 2 transporters, graki42's ghost, journeyman DECj
Snake:4 1 runed translucent door, End1zNear's ghost, journeyman DDFi
Depths:5 3 runed translucent doors, Suqedd's ghost, adept MiBe
Zot:1 2 transporters, End1zNear's ghost, adept DDFi
Zot:2 1 transporter, Idwoulus's ghost, master TrAr


Innate Abilities, Weirdness & Mutations

You are resistant to torment.
Your stone body is resilient. (AC +20)
You are immune to poison.
Your large and strong wings let you fly indefinitely.
You resist negative energy. (rN+)
You are resistant to electric shocks. (rElec)
You can survive without breathing.
You are immune to petrification.
You are immune to rotting.
You tend to lose your temper in combat.
Your magical capacity is low. (-10% MP)
You are weak. (Str -2)


Message History

The caustic shrike claws you!
* * * LOW HITPOINT WARNING * * *
You are splashed with acid.
You resist.
* * * LOW HITPOINT WARNING * * *
The caustic shrike closely misses you. The caustic shrike misses you.
The shadow dragon closely misses you. The shadow dragon claws you!
* * * LOW HITPOINT WARNING * * *
The shadow dragon claws you but does no damage.
The caustic shrike claws you!
* * * LOW HITPOINT WARNING * * *
You are splashed with acid.
You resist.
* * * LOW HITPOINT WARNING * * *
The shard shrike screeches!
The shard shrike claws you!
* * * LOW HITPOINT WARNING * * *
The shard shrike freezes you! You resist.
* * * LOW HITPOINT WARNING * * *
The caustic shrike rages.
You block the shard shrike's attack. The caustic shrike claws you!!
You die...

...#.......>...#####/.........###
...#.........###...###.).........
##+#.........#...... ##..........
...#.........#...#.#. #..........
...#.........#...#(#$.#.'#####...
...#........##.#.yW.)##......'...
...#........#.#.Db#.|#.......#...
...#........#..b#bDyD#©......#...
...#........##..@b.#y#...........
...#........©#.#...#"##.#####.###
...#........##..##.#$ #.......#
...#........#b..#...#.#.......#
...#........##...$#..##.......#
...#.........##..©...#........#
...#..........#####.##........#
...'........#...[.###.........#
####........#####.............#


You could see 2 shadow dragons, 3 caustic shrikes, a shard shrike (berserk), a
ghost moth (invisible), a moth of wrath and Idwoulus's ghost.

Vanquished Creatures
  the Royal Jelly (Slime:5)
  Mennas (Vaults:3)
  Mara (Depths:2)
  2 juggernauts (Depths:4)
  Sojobo (Depths:4)
  Boris (thrice) (Vaults:2 Depths:5 Vaults:4)
  Frederick (Vaults:4)
  A shard shrike (Zot:2)
  5 Killer Klowns (Zot:2)
  5 caustic shrikes
  5 golden dragons
  2 bone dragons
  Nikola (Swamp:3)
  A Cloud Mage (WizLab)
  Rupert (Lair:3)
  9 tentacled monstrosities
  5 titans
  2 deep elf master archers (Elf:3)
  Asterion (Depths:2)
  3 deep elf blademasters
  5 quicksilver dragons
  4 sphinxes
  16 acid blobs
  4 liches
  4 death cobs
  The ghost of qborf the Severer, an adept FoVM of Cheibriados (Swamp:2)
  Frances (D:14)
  An ancient champion (Vaults:3)
  Kirke (D:13)
  9 nagarajas
  7 shadow dragons
  10 tengu reavers
  9 azure jellies
  A draconian monk (Zot:2)
  8 storm dragons
  Roxanne (Elf:2)
  A revenant (Vaults:3)
  11 fire giants
  A fenstrider witch (Swamp:3)
  10 frost giants
  4 deep elf sorcerers
  2 draconian knights (Zot:2)
  2 iron dragons
  14 vault wardens
  Louise (Elf:3)
  5 draconian annihilators
  A ghoul (Vaults:3)
  23 very ugly things
  3 deep elf elementalists (Elf:3)
  A spriggan defender (Depths:4)
  20 ironheart preservers
  A war gargoyle (Vaults:4)
  2 vampire knights
  18 stone giants
  3 dire elephants (Zot:2)
  3 entropy weavers
  8 deep elf demonologists
  3 black draconians
  4 deep elf annihilators
  4 red draconians
  3 green draconians
  2 purple draconians
  10 spark wasps
  8 bunyips
  7 yellow draconians
  4 blizzard demons (WizLab)
  Snorg (D:13)
  4 eleionomae
  11 fire dragons
  The ghost of SamuraiZach the Cruncher, a journeyman TrDe of Ru (D:10)
  10 ettins
  11 deep elf death magi
  A jiangshi (Vaults:3)
  6 death oozes (Slime:5)
  29 vault guards
  Harold (D:10)
  A hell beast (Gauntlet)
  13 ice dragons
  5 deep elf high priests
  8 great orbs of eyes
  Erolcha (D:13)
  15 hydras
  6 rakshasas
  18 yaktaur captains
  14 naga warriors
  4 spriggan air magi
  8 boulder beetles
  A juggernaut simulacrum (Depths:2)
  10 ghost crabs
  4 catoblepae
  71 two-headed ogres
  3 death knights
  8 anacondas
  8 centaur warriors
  4 tengu warriors
  9 alligators
  22 ogre magi
  A vampire mage (Depths:4)
  11 deep troll earth magi
  3 deep troll shamans
  10 death yaks
  Urug (D:12)
  24 dancing weapons
  5 goliath frogs
  13 naga sharpshooters
  2 spriggan berserkers
  5 shock serpents
  14 hell knights
  22 deep elf knights
  The ghost of MoonlitKnight the Skirmisher, a novice HOFi of Beogh (D:7)
  A fire crab (Gauntlet)
  3 salamander mystics
  4 death drakes (WizLab)
  A deep troll (shapeshifter) (Vaults:5)
  2 golden dragon zombies
  2 iron trolls
  An unseen horror (shapeshifter) (Elf:2)
  5 spriggan druids
  4 swamp dragons
  21 deep trolls
  3 unseen horrors
  10 bog bodies
  4 flayed ghosts
  A sea snake (shapeshifter) (Vaults:5)
  9 wizards
  14 ironbrand convokers
  An orange crystal statue (Elf:2)
  6 naga ritualists
  A spectral hydra (Swamp:4)
  8 large abominations
  8 necromancers
  70 deep elf magi
  3 phantasmal warriors
  A lindwurm (Lair:6)
  15 orc knights
  22 deep elf archers
  A harpy (Vaults:5)
  3 shining eyes
  2 oklob plants
  7 mana vipers
  2 harpies (shapeshifter)
  23 ugly things
  A frost giant zombie (Depths:1)
  An orb spider (shapeshifter) (Vaults:4)
  5 orc sorcerers
  7 wolf spiders
  5 manticores
  6 salamanders
  A human zombie (Vaults:3)
  2 will-o-the-wisps (Swamp:4)
  A tengu skeleton (Depths:2)
  11 cyclopes
  7 moths of wrath
  A wolf spider zombie (D:15)
  A worldbinder (Gauntlet)
  12 vault sentinels
  A stone giant skeleton (Depths:2)
  16 elephants
  5 centaur zombies
  A fire giant skeleton (Depths:2)
  41 black mambas
  A guardian serpent (shapeshifter) (Depths:2)
  36 naga magi
  5 apocalypse crabs (WizLab)
  2 guardian serpents
  Psyche (D:10)
  2 gargoyles
  2 torpor snails (Lair:6)
  4 centaur skeletons
  An ice statue (IceCv)
  2 rime drakes (shapeshifter)
  2 eyes of devastation (Slime:4)
  Maggie (D:7)
  15 cane toads
  9 rime drakes
  2 cane toads (shapeshifter)
  A yaktaur (shapeshifter) (Elf:1)
  2 yaktaur zombies
  14 freezing wraiths
  8 komodo dragons
  4 swamp worm zombies (Swamp:4)
  An efreet (Volcano)
  61 yaktaurs
  5 tengu conjurers
  A komodo dragon (shapeshifter) (D:15)
  5 hydra zombies (Swamp:4)
  A queen bee (shapeshifter) (Depths:1)
  2 polar bears (shapeshifter)
  2 polar bears
  2 trolls
  3 wind drakes (WizLab)
  A troll (shapeshifter) (Vaults:4)
  10 hornets
  13 tyrant leeches
  A wolf spider simulacrum (IceCv)
  A spriggan zombie (Depths:2)
  111 slime creatures
  8 blink frogs
  2 dream sheep (Lair:6)
  6 alligator zombies (Swamp:4)
  6 spectral swamp dragons (Swamp:4)
  A stone giant simulacrum (Depths:2)
  An ettin zombie (Depths:1)
  A dream sheep (shapeshifter) (Depths:2)
  8 spriggans
  3 redbacks (Vaults:2)
  4 wraiths
  16 air elementals
  3 wyverns
  A tarantella (Vaults:4)
  A wyvern (shapeshifter) (Depths:1)
  61 yaks
  3 fire bats (Gauntlet)
  A vampire (D:10)
  7 water elementals
  5 fire elementals
  A hog (shapeshifter) (Vaults:4)
  A human (shapeshifter) (Vaults:4)
  A fire bat (shapeshifter) (Vaults:1)
  6 hogs (D:13)
  5 basilisks
  28 humans
  12 small abominations
  2 basilisks (shapeshifter)
  An elf skeleton (Depths:2)
  53 nagas
  7 vampire mosquitoes
  2 insubstantial wisps (Swamp:4)
  A soldier ant (D:12)
  6 wargs
  4 acid dragons
  A soldier ant (shapeshifter) (Vaults:3)
  21 swamp worms
  15 water moccasins
  2 floating eyes
  13 hell hounds
  A floating eye (shapeshifter) (Depths:2)
  44 orc warriors
  A black bear (Lair:2)
  A hornet zombie (D:10)
  2 necrophages
  15 ice beasts
  6 sky beasts
  4 eyes of draining
  4 swamp drakes
  4 phantoms (Swamp:4)
  2 swamp dragon zombies (Swamp:4)
  2 alligator simulacra (IceCv)
  25 wolves
  67 ogres
  14 boggarts
  14 centaurs
  2 human skeletons
  21 bullfrogs
  2 earth elementals
  A gnoll sergeant (D:7)
  2 scorpions (D:12)
  A human simulacrum (Vaults:3)
  A swamp dragon simulacrum (IceCv)
  8 killer bees
  4 howler monkeys
  14 wights
  3 electric eels (Lair:4)
  4 bullfrog zombies
  2 draconian simulacra (IceCv)
  10 jellies
  9 hounds
  23 orc priests
  A bullfrog skeleton (D:9)
  An iron imp (Depths:5)
  9 iguanas
  40 orc wizards
  A spectral swamp drake (Swamp:4)
  12 worker ants
  A hell rat (D:10)
  2 spriggan simulacra (IceCv)
  9 troll simulacra (IceCv)
  3 centaur simulacra (IceCv)
  2 hound skeletons
  2 worker ant zombies
  7 gnolls
  17 adders
  4 naga simulacra (IceCv)
  A shadow imp (D:7)
  14 white imps
  5 ufetubi
  An ooze (D:2)
  3 adder zombies
  2 adder skeletons
  3 worms
  3 dart slugs
  9 leopard geckos
  121 orcs
  11 bats
  7 giant cockroaches
  13 goblins
  8 hobgoblins
  9 jackals
  5 kobolds
  10 quokkas
  A ball python (D:2)
  3 frilled lizards (D:1)
  A leopard gecko skeleton (D:8)
  A quokka skeleton (D:8)
  8 rats
  6 crawling corpses
2438 creatures vanquished.

Vanquished Creatures (collateral kills)
  Aizul (Elf:2)
  A minotaur (Gauntlet)
  A dancing weapon (Elf:3)
  An orc sorcerer (Elf:3)
  A deep elf mage (Elf:2)
  A gargoyle (D:13)
6 creatures vanquished.

Vanquished Creatures (others)
  2 fire giants
  A deep elf sorcerer (Vaults:5)
  A vault warden (Vaults:5)
  A deep elf high priest (Elf:3)
  2 vault guards (Vaults:5)
  An alligator (Swamp:3)
  A deep elf knight (Elf:3)
  A hell knight (Depths:3)
  A phantasmal warrior (Vaults:5)
  A will-o-the-wisp (Swamp:4)
  A human skeleton (Vaults:5)
  A rime drake (shapeshifter) (Vaults:5)
  A yaktaur skeleton (Vaults:5)
  4 bloated husks
  A wind drake (WizLab)
  A vampire (D:15)
  5 insubstantial wisps (Swamp:4)
  A floating eye (Depths:2)
  A sky beast (D:15)
  An ogre (Depths:1)
  An orc wizard (D:10)
  16 foxfires (Swamp:4)
  29 fungi
  47 plants
  2 withered plants (Swamp:2)
124 creatures vanquished.

Grand Total: 2568 creatures vanquished

Notes
Turn   | Place    | Note
-------+----------+-------------------------------------------
     0 | D:1      | Arthanis the Gargoyle Berserker began the quest for the
                  | Orb.
     0 | D:1      | Reached XP level 1. HP: 14/14 MP: 1/1
   145 | D:1      | Reached XP level 2. HP: 7/19 MP: 2/2
   612 | D:1      | Reached skill level 3 in Axes
   911 | D:1      | Reached XP level 3. HP: 23/23 MP: 3/3
  1133 | D:2      | Reached ** piety under Trog
  1261 | D:2      | Reached XP level 4. HP: 29/29 MP: 4/4
  1570 | D:2      | Found a hide-covered altar of Uskayaw.
  1571 | D:2      | Noticed a +0 hand axe
  1572 | D:2      | Noticed a +0 hand axe
  1680 | D:2      | Reached XP level 5. HP: 30/33 MP: 5/5
  1796 | D:2      | Found a blossoming altar of Fedhas.
  1798 | D:2      | Found a sparkling altar of Nemelex Xobeh.
  1880 | D:3      | Reached skill level 4 in Axes
  2264 | D:3      | Reached *** piety under Trog
  2420 | D:3      | Reached XP level 6. HP: 34/39 MP: 6/6
  3060 | D:4      | Reached skill level 5 in Axes
  3221 | D:4      | Reached skill level 5 in Fighting
  3221 | D:4      | Reached XP level 7. HP: 44/44 MP: 7/7
  3864 | D:5      | Entered Level 5 of the Dungeon
  4009 | D:5      | Reached **** piety under Trog
  4065 | D:5      | Reached skill level 6 in Axes
  4134 | D:5      | Reached skill level 5 in Armour
  4325 | D:5      | Reached XP level 8. HP: 51/51 MP: 8/8
  4783 | D:5      | Noticed a yak
  4783 | D:5      | Noticed a two-headed ogre
  4795 | D:5      | Killed a two-headed ogre
  4795 | D:5      | Reached skill level 7 in Axes
  4795 | D:5      | Reached XP level 9. HP: 51/56 MP: 9/9
  4802 | D:5      | Reached skill level 8 in Axes
  5240 | D:6      | Found a staircase to the Ecumenical Temple.
  5359 | D:6      | Reached ***** piety under Trog
  5573 | D:6      | Reached skill level 9 in Axes
  5603 | D:6      | Found a hazy altar of Hepliaklqana.
  5778 | D:6      | Found Xizuzimu's Antique Weapon Emporium.
  5982 | D:7      | Noticed Maggie
  6000 | D:7      | Killed Maggie
  6073 | D:7      | Reached skill level 10 in Axes
  6073 | D:7      | Reached XP level 10. HP: 65/65 MP: 10/10
  6080 | D:7      | Found a runed translucent gate.
  6080 | D:7      | Found a runed translucent gate.
  6080 | D:7      | Found a runed translucent gate.
  6081 | D:7      | Found an opulent altar of Gozag.
  6081 | D:7      | Noticed a seven-headed hydra
  6082 | D:7      | Noticed MoonlitKnight's ghost (novice HOFi)
  6408 | D:7      | Received a gift from Trog
  6675 | D:7      | Found an ornate altar of the Wu Jian Council.
  7376 | D:8      | Reached skill level 1 in Shields
  7540 | D:8      | Reached skill level 1 in Evocations
  7624 | D:8      | Found a burning altar of Makhleb.
  7624 | D:8      | Noticed a blizzard demon
  7627 | D:8      | Noticed an orange demon
  7627 | D:8      | Noticed an orange demon
  7830 | D:9      | Noticed a two-headed ogre
  7840 | D:9      | Killed a two-headed ogre
  7917 | D:9      | Reached skill level 11 in Axes
  8075 | D:9      | Reached XP level 11. HP: 69/72 MP: 11/11
  8264 | D:9      | Found Yxumipni's Gadget Boutique.
  8305 | D:9      | Found a staircase to the Orcish Mines.
  8447 | D:10     | Entered Level 10 of the Dungeon
  8448 | D:10     | Noticed Psyche
  8466 | D:10     | Killed Psyche
  8537 | D:10     | Noticed Harold
  8586 | D:10     | Killed Harold
  8647 | D:10     | Found Tudix's Antique Weapon Emporium.
  8658 | D:10     | Bought a glowing hand axe for 162 gold pieces
  8658 | D:10     | Bought a runed war axe for 175 gold pieces
  8725 | D:10     | Killed an unseen horror
  8757 | D:10     | Reached skill level 10 in Fighting
  8760 | D:10     | Found a runed translucent gate.
  8761 | D:10     | Found a runed translucent gate.
  8762 | D:10     | Found a runed translucent gate.
  8764 | D:10     | Noticed SamuraiZach's ghost (journeyman TrDe)
  8937 | D:10     | Noticed a death yak
  8938 | D:10     | Found a staircase to the Lair.
  8939 | D:10     | Noticed a death yak
  8941 | D:10     | Noticed a death yak
  8964 | D:10     | Killed a death yak
  8967 | D:10     | Killed a death yak
  8972 | D:10     | Killed a death yak
  9169 | D:10     | Found a large runed translucent door.
  9170 | D:10     | Found a large runed translucent door.
  9467 | D:11     | Noticed a cyan ugly thing
  9490 | D:11     | Killed a cyan ugly thing
  9789 | D:11     | Reached skill level 12 in Axes
  9795 | D:11     | Received a gift from Trog
  9822 | D:11     | Reached XP level 12. HP: 78/78 MP: 12/12
 10088 | D:11     | Noticed a two-headed ogre
 10089 | D:11     | Noticed a four-headed hydra
 10093 | D:11     | Killed a two-headed ogre
 10098 | D:11     | Killed a one-headed hydra
 10247 | D:12     | Found a gate leading to a gauntlet.
 10257 | Gauntlet | Entered a Gauntlet
 10257 | Gauntlet | Found a transporter.
 10257 | Gauntlet | Found a transporter.
 10257 | Gauntlet | Found a transporter.
 10258 | Gauntlet | Found a transporter.
 10277 | Gauntlet | Found a transporter.
 10279 | Gauntlet | Found a transporter.
 10303 | Gauntlet | Found a runed translucent gate.
 10303 | Gauntlet | Found a runed translucent gate.
 10303 | Gauntlet | Found a runed translucent gate.
 10305 | Gauntlet | Found a transporter.
 10307 | Gauntlet | Found a transporter.
 10331 | Gauntlet | Noticed a hell beast
 10336 | Gauntlet | Found a runed translucent door.
 10343 | Gauntlet | Found a runed translucent door.
 10374 | Gauntlet | Found a transporter.
 10391 | Gauntlet | Killed a hell beast
 10391 | Gauntlet | Reached skill level 13 in Axes
 10399 | Gauntlet | Got a coiled pewter amulet
 10400 | Gauntlet | Identified the amulet of Liberalism {Reflect rElec Dex+3
                  | SH+5}
 10403 | Gauntlet | Noticed a death yak
 10403 | Gauntlet | Noticed a death yak
 10403 | Gauntlet | Noticed a death yak
 10403 | Gauntlet | Noticed a death yak
 10403 | Gauntlet | Noticed a death yak
 10404 | Gauntlet | Found a transporter.
 10404 | Gauntlet | Noticed a death yak
 10439 | Gauntlet | Identified the +10 rapier of Okunoj {protect, rElec Str+4}
 10439 | Gauntlet | Identified the +7 kite shield "Cidiklam" {Harm *Slow rElec
                  | MR+}
 10439 | Gauntlet | Identified the ring "Unavvuq" {rC+ Str+3 Stlth-}
 10439 | Gauntlet | Noticed a minotaur
 10471 | Gauntlet | Killed a minotaur
 10481 | Gauntlet | Identified the Reference Book on Transmutation
 10494 | Gauntlet | Got a steaming turquoise ring
 10537 | D:12     | Found a frozen archway.
 10537 | D:12     | Noticed Urug
 10551 | D:12     | Killed Urug
 10587 | IceCv    | Entered an ice cave
 11006 | IceCv    | Reached XP level 13. HP: 86/86 MP: 13/13
 11034 | IceCv    | Reached skill level 14 in Axes
 11068 | IceCv    | Found an ancient bone altar of Kikubaaqudgha.
 11938 | D:12     | Received a gift from Trog
 12229 | D:12     | Found a blossoming altar of Fedhas.
 12728 | D:13     | Noticed Kirke
 12747 | D:13     | Killed Kirke
 12871 | D:13     | Noticed Snorg
 12893 | D:13     | Killed Snorg
 12893 | D:13     | Reached skill level 15 in Axes
 13136 | D:13     | Identified the ring "Byuxom" {Int+2 Dex+6} (You found it in
                  | a Gauntlet)
 13252 | D:13     | Identified the amulet "Bedaaneu" {Reflect rC+++ Str+3 SH+5
                  | Stlth-} (You found it in a Gauntlet)
 13286 | D:13     | Noticed Erolcha
 13292 | D:13     | Killed Erolcha
 13292 | D:13     | Reached skill level 5 in Evocations
 13494 | D:13     | Gained mutation: Your large and strong wings let you fly
                  | indefinitely. [Gargoyle growth]
 13494 | D:13     | Reached XP level 14. HP: 93/94 MP: 14/14
 13516 | D:13     | Found a gate to the Vaults.
 13883 | D:14     | Received a gift from Trog
 14337 | D:14     | Noticed Frances
 14339 | D:14     | Found Feschepirr's Antique Armour Shoppe.
 14351 | D:14     | Killed Frances
 14970 | D:15     | Entered Level 15 of the Dungeon
 15001 | D:15     | Reached skill level 10 in Armour
 15109 | D:15     | Reached skill level 16 in Axes
 15172 | D:15     | Received a gift from Trog
 15393 | D:15     | Found a white marble altar of Elyvilon.
 15764 | D:15     | Identified the +3 leather armour "Dodimuga" {rPois rN+
                  | rCorr}
 15828 | D:15     | Reached XP level 15. HP: 35/100 MP: 15/15
 16275 | D:15     | Found a staircase to the Depths.
 16630 | Orc:1    | Entered Level 1 of the Orcish Mines
 17212 | Orc:2    | Entered Level 2 of the Orcish Mines
 17235 | Orc:1    | Received a gift from Trog
 17244 | Orc:2    | Found a staircase to the Elven Halls.
 17271 | Orc:2    | Found a dark tunnel.
 17301 | Volcano  | Entered a volcano
 17929 | Orc:2    | Reached skill level 17 in Axes
 18119 | Orc:2    | Found Verriko's Antique Armour Shop.
 18119 | Orc:2    | Found Keifore's Distillery.
 18119 | Orc:2    | Found Hion's Jewellery Shoppe.
 18119 | Orc:2    | Found Ylofafeh's Assorted Antiques.
 18417 | Orc:2    | Bought a scroll of identify for 44 gold pieces
 18418 | Orc:2    | Bought a potion of attraction for 39 gold pieces
 18418 | Orc:2    | Bought a potion of mutation for 104 gold pieces
 18418 | Orc:2    | Bought a potion of brilliance for 52 gold pieces
 18418 | Orc:2    | Bought a potion of cancellation for 104 gold pieces
 18790 | Lair:1   | Entered Level 1 of the Lair of Beasts
 18808 | Lair:1   | Reached ****** piety under Trog
 18859 | Lair:1   | Received a gift from Trog
 18899 | Lair:1   | Reached skill level 15 in Fighting
 20070 | Lair:3   | Noticed Rupert
 20107 | Lair:3   | Killed Rupert
 20107 | Lair:3   | Reached XP level 16. HP: 90/108 MP: 16/16
 20959 | Lair:3   | Found a staircase to the Swamp.
 21119 | Lair:4   | Found a staircase to the Snake Pit.
 21587 | Lair:4   | Found a transporter.
 21592 | Lair:4   | Noticed graki42's ghost (journeyman DECj)
 21751 | Lair:4   | Found a transporter.
 21875 | Lair:4   | You are sucked into a shaft and drop 1 floor!
 23229 | Lair:6   | Entered Level 6 of the Lair of Beasts
 23273 | Lair:6   | Reached skill level 18 in Axes
 23425 | Lair:6   | Found a staircase to the Slime Pits.
 23534 | Lair:6   | Received a gift from Trog
 24012 | Lair:6   | Reached skill level 10 in Evocations
 24557 | Lair:6   | Got a fine copper ring
 24974 | Snake:1  | Entered Level 1 of the Snake Pit
 25054 | Snake:1  | Found Tumoadu's Weapon Shop.
 25112 | Snake:1  | Found Vesud's Book Shoppe.
 25270 | Snake:1  | Found Ozoch's Assorted Antiques.
 25367 | Snake:1  | Bought a potion of curing for 81 gold pieces
 25367 | Snake:1  | Bought a potion of heal wounds for 135 gold pieces
 25472 | Snake:1  | Reached XP level 17. HP: 99/115 MP: 17/17
 25688 | Snake:1  | Received a gift from Trog
 26374 | Snake:2  | Reached skill level 5 in Dodging
 26413 | Snake:2  | Identified the ring "Wempitav" {rF+ rC+ rN+ Str+6 Slay+3}
                  | (You found it on level 6 of the Lair of Beasts)
 26704 | Snake:2  | Found Koklunatzun's Gadget Boutique.
 27273 | Snake:3  | Received a gift from Trog
 27355 | Snake:3  | Reached skill level 19 in Axes
 27404 | Snake:3  | Found Maewoes's Weapon Emporium.
 28375 | Snake:3  | Found Yzae's Antique Armour Shoppe.
 28375 | Snake:3  | Found Etumyh's Magic Scroll Emporium.
 28376 | Snake:3  | Found Voriklio's Jewellery Shoppe.
 28378 | Snake:3  | Found Qatynana's Jewellery Emporium.
 28514 | Snake:3  | Bought a pair of runed gloves for 210 gold pieces
 28514 | Snake:3  | Bought a pair of glowing gloves for 210 gold pieces
 28544 | Snake:3  | Bought 2 scrolls of identify for 72 gold pieces
 28544 | Snake:3  | Bought a scroll of fog for 36 gold pieces
 28544 | Snake:3  | Bought a scroll of identify for 36 gold pieces
 28544 | Snake:3  | Bought a scroll of vulnerability for 135 gold pieces
 29146 | Snake:4  | Entered Level 4 of the Snake Pit
 29154 | Snake:4  | Reached XP level 18. HP: 113/122 MP: 18/18
 29581 | Snake:4  | Found a runed translucent door.
 29614 | Snake:4  | Noticed End1zNear's ghost (journeyman DDFi)
 29714 | Snake:4  | Received a gift from Trog
 30488 | Snake:4  | Got a serpentine rune of Zot
 30914 | Swamp:1  | Entered Level 1 of the Swamp
 30944 | Swamp:1  | Received a gift from Trog
 31864 | Swamp:2  | Found a runed translucent door.
 31887 | Swamp:2  | Noticed qborf's ghost (adept FoVM)
 31953 | Swamp:2  | Killed qborf's ghost
 32443 | Swamp:3  | Paralysed by a fenstrider witch for 6 turns
 32750 | Swamp:3  | Reached skill level 20 in Axes
 32818 | Swamp:3  | Got a glimmering hand axe
 32840 | Swamp:3  | Received a gift from Trog
 32840 | Swamp:3  | Reached XP level 19. HP: 117/128 MP: 19/19
 32846 | Swamp:3  | Identified the +3 hand axe of Lul Funlyt {antimagic, +Rage
                  | MR+} (You found it on level 3 of the Swamp)
 33024 | Swamp:3  | Noticed Nikola
 33049 | Swamp:3  | Killed Nikola
 33361 | Swamp:4  | Entered Level 4 of the Swamp
 34192 | Swamp:4  | Noticed a bone dragon
 34194 | Swamp:4  | Received a gift from Trog
 34484 | Swamp:4  | Killed a bone dragon
 34659 | Swamp:4  | Got a decaying rune of Zot
 34901 | Elf:1    | Entered Level 1 of the Elven Halls
 35087 | Elf:1    | Received a gift from Trog
 35332 | Elf:1    | Found Heecom's Gadget Shoppe.
 35418 | Elf:1    | Bought a lightning rod (4/4) for 390 gold pieces
 35793 | Elf:1    | Found Bolat's Jewellery Boutique.
 35805 | Elf:1    | Found Qazeb's Gadget Emporium.
 35806 | Elf:1    | Found Carral's Jewellery Boutique.
 35837 | Elf:1    | Bought the ring of Jigimy Leulu {rC- MR+++ rCorr Slay+4}
                  | for 768 gold pieces
 35843 | Elf:1    | Bought a cursed amulet of inaccuracy for 26 gold pieces
 35843 | Elf:1    | Bought a cursed -4 ring of intelligence for 26 gold pieces
 35964 | Elf:2    | Identified the +3 mace "Imaeco" {vorpal, rN+ Str+4} (You
                  | found it on level 2 of the Elven Halls)
 36117 | Elf:2    | Identified Roxanne's Volume of Changing
 36117 | Elf:2    | Noticed Roxanne
 36146 | Elf:2    | Killed Roxanne
 36146 | Elf:2    | Reached XP level 20. HP: 136/136 MP: 20/20
 36342 | Elf:2    | Noticed Aizul
 36350 | Elf:2    | Killed Aizul
 36353 | Elf:2    | Received a gift from Trog
 36409 | Elf:2    | Reached skill level 21 in Axes
 36422 | Elf:2    | Identified the +4 trident of Valuable Assets {pain,
                  | *Corrode rN+ Dex+4} (You found it on level 2 of the Elven
                  | Halls)
 36532 | Elf:2    | Found a huge runed translucent gate.
 36532 | Elf:2    | Found a huge runed translucent gate.
 36532 | Elf:2    | Found a huge runed translucent gate.
 36532 | Elf:2    | Found a huge runed translucent gate.
 36532 | Elf:2    | Found a huge runed translucent gate.
 37160 | Elf:3    | Entered Level 3 of the Elven Halls
 37424 | Elf:3    | Received a gift from Trog
 37540 | Elf:3    | Noticed Louise
 37557 | Elf:3    | Killed Louise
 37661 | Elf:3    | Found Zuabba's Magic Scroll Shoppe.
 37674 | Elf:3    | Bought a scroll of fog for 38 gold pieces
 37674 | Elf:3    | Bought a scroll of immolation for 66 gold pieces
 37674 | Elf:3    | Bought a scroll of teleportation for 57 gold pieces
 37916 | Elf:3    | Noticed a Tzitzimitl
 38111 | Elf:3    | Received a gift from Trog
 38189 | Elf:3    | Identified the cursed +1 fire dragon scales of Broken
                  | Taboos {rPois rF++ rC- Stlth+}
 38444 | Elf:3    | Identified the ring of Lyamn {rF+ Str+4}
 38532 | Elf:3    | Identified the +4 great sword of Karma {vorpal, *Rage MR+++
                  | Int+8 Stlth-}
 38537 | Elf:3    | Reached XP level 21. HP: 142/142 MP: 21/21
 38619 | Elf:3    | Identified Sif Muna's Papyrus of Venom and Air
 39411 | Vaults:1 | Entered Level 1 of the Vaults
 39691 | Vaults:1 | Identified the Grimoire of the Blistering Snowflakes
 39833 | Vaults:1 | Reached skill level 15 in Armour
 40615 | Vaults:1 | Received a gift from Trog
 40771 | Vaults:2 | Reached skill level 22 in Axes
 40941 | Vaults:2 | Noticed Boris
 40961 | Vaults:2 | Killed Boris
 41626 | Vaults:2 | Received a gift from Trog
 41730 | Vaults:2 | Reached XP level 22. HP: 141/150 MP: 22/22
 41879 | Vaults:2 | Reached skill level 5 in Shields
 42416 | Vaults:3 | Received a gift from Trog
 42760 | Vaults:3 | Noticed Mennas
 42781 | Vaults:3 | Killed Mennas
 43272 | Vaults:3 | Found a staircase to the Crypt.
 43827 | Vaults:3 | Received a gift from Trog
 44031 | Vaults:4 | Reached skill level 23 in Axes
 44308 | Vaults:4 | Reached XP level 23. HP: 155/156 MP: 23/23
 44587 | Vaults:4 | Received a gift from Trog
 45395 | Depths:1 | Entered Level 1 of the Depths
 45438 | Depths:1 | Found Jigob's Assorted Antiques.
 45560 | Depths:1 | Received a gift from Trog
 45624 | Depths:1 | Identified a scroll of acquirement
 45804 | Depths:1 | Acquired 791 gold pieces
 45860 | Depths:1 | Found a gateway to a ziggurat.
 45910 | Depths:1 | Bought 3 scrolls of identify for 252 gold pieces
 46111 | Depths:1 | Found a gateway to Hell.
 46530 | Depths:2 | Received a gift from Trog
 46571 | Depths:2 | Identified the +10 spear of Objectivity {venom, Int+5}
 46576 | Depths:2 | Paralysed by a floating eye for 2 turns
 46835 | Depths:2 | Noticed Mara
 46858 | Depths:2 | Identified the ring of Pilub {rElec rF- EV+4 Int+6}
 46874 | Depths:2 | Paralysed by a floating eye for 4 turns
 46891 | Depths:2 | Noticed Arthanis's illusion
 46900 | Depths:2 | Killed Mara
 47399 | Depths:2 | Reached XP level 24. HP: 152/164 MP: 23/23
 47420 | Depths:2 | Reached skill level 24 in Axes
 47433 | Depths:2 | Identified the +8 broad axe "Vuis" {protect, +Blink Dex+2}
                  | (You found it on level 2 of the Depths)
 47591 | Depths:2 | Noticed Asterion
 47601 | Depths:2 | Killed Asterion
 48102 | Depths:3 | Received a gift from Trog
 48136 | Depths:3 | Found a one-way gate leading to the halls of Pandemonium.
 48158 | Depths:3 | Found a one-way gate to the infinite horrors of the Abyss.
 48232 | Depths:3 | Found a magical portal.
 48239 | WizLab   | Entered The Chambers of the Cloud Mage
 48770 | WizLab   | Identified the cursed ring of Lady Luck {rElec rPois EV-4
                  | Stlth-}
 48839 | WizLab   | Identified the Grimoire of Air
 48863 | WizLab   | Identified a +0 pair of boots of running (You found it in a
                  | wizard's laboratory)
 49288 | Depths:3 | Received a gift from Trog
 50021 | Depths:3 | Received a gift from Trog
 50452 | Depths:4 | Reached XP level 25. HP: 138/172 MP: 23/23
 50727 | Depths:4 | Reached skill level 25 in Axes
 50770 | Depths:4 | Noticed a juggernaut
 50776 | Depths:4 | Killed a juggernaut
 50799 | Depths:4 | Identified the Collected Works on the Enthralling
                  | Snowflakes
 50912 | Depths:4 | Noticed Sojobo
 50929 | Depths:4 | Killed Sojobo
 51996 | Depths:4 | Identified the Reference Book on Orientation and
                  | Transmutation
 52117 | Depths:4 | Noticed a juggernaut
 52135 | Depths:4 | Killed a juggernaut
 52373 | Depths:4 | Identified the Reference Book on Vitriolic Ignition
 52479 | Depths:5 | Entered Level 5 of the Depths
 52494 | Depths:5 | Found a runed translucent gate.
 52494 | Depths:5 | Found a runed translucent gate.
 52495 | Depths:5 | Found a runed translucent gate.
 52527 | Depths:5 | Noticed an ancient lich
 52527 | Depths:5 | Noticed Suqedd's ghost (adept MiBe)
 52527 | Depths:5 | Noticed an ancient lich
 52810 | D:10     | Killed SamuraiZach's ghost
 52917 | D:7      | Killed MoonlitKnight's ghost
 53330 | Depths:5 | Received a gift from Trog
 53333 | Depths:5 | Identified the +5 hand axe of Reinforcement {antimagic,
                  | *Noise rElec rPois Int-2} (Trog gifted it to you on level 5
                  | of the Depths)
 53569 | Depths:5 | Noticed Boris
 53581 | Depths:5 | Killed Boris
 54313 | Depths:5 | Found a gate to the Realm of Zot.
 54669 | Vaults:5 | Entered Level 5 of the Vaults
 54676 | Vaults:5 | Reached XP level 26. HP: 180/180 MP: 23/23
 54694 | Vaults:5 | Noticed Boris
 54709 | Vaults:5 | Received a gift from Trog
 54718 | Vaults:4 | Killed Boris
 54764 | Vaults:4 | Reached skill level 15 in Evocations
 54769 | Vaults:4 | Reached skill level 26 in Axes
 54814 | Vaults:5 | Identified the cursed +3 rapier of the Inferno {vorpal,
                  | rElec rPois rN+ Int+2}
 55109 | Vaults:5 | Noticed Frederick
 55122 | Vaults:4 | Killed Frederick
 55194 | Vaults:5 | Reached skill level 10 in Dodging
 55626 | Vaults:5 | Identified the +6 great sword of Compulsion {chaos, *Drain
                  | Str+9 Dex+4}
 55870 | Vaults:5 | Reached XP level 27. HP: 158/186 MP: 23/23
 56102 | Vaults:5 | Got a silver rune of Zot
 56121 | Vaults:5 | Received a gift from Trog
 56327 | Vaults:5 | Identified the ring "Sont" {+Inv rF+ Str+2 Int+3 Stlth+}
                  | (You found it on level 5 of the Vaults)
 56996 | Slime:1  | Entered Level 1 of the Pits of Slime
 57242 | Slime:4  | Paralysed by a floating eye for 4 turns
 57345 | Slime:5  | Entered Level 5 of the Pits of Slime
 57547 | Slime:4  | Gained mutation: You are weak. (Str -2) [a shining eye]
 57548 | Slime:4  | Received a gift from Trog
 57655 | Slime:5  | Gained mutation: Your magical capacity is low. (-10% MP) [a
                  | shining eye]
 57660 | Slime:5  | Gained mutation: You tend to lose your temper in combat. [a
                  | shining eye]
 57691 | Slime:5  | Noticed the Royal Jelly
 57726 | Slime:5  | Killed the Royal Jelly
 57816 | Slime:5  | Identified the ring of the Amoeba {rPois rC+} (You found it
                  | on level 5 of the Pits of Slime)
 57914 | Slime:5  | Identified the ring of the Scarab {rF- EV+4 Int+9} (You
                  | found it on level 5 of the Pits of Slime)
 57916 | Slime:5  | Got a slimy rune of Zot
 58566 | Zot:1    | Entered Level 1 of the Realm of Zot
 58744 | Zot:1    | Found a transporter.
 58748 | Zot:1    | Noticed End1zNear's ghost (adept DDFi)
 58762 | Zot:1    | Found a transporter.
 59878 | Zot:2    | Reached skill level 27 in Axes
 60019 | Zot:2    | Received a gift from Trog
 60072 | Zot:2    | Found a transporter.
 60111 | Zot:2    | Noticed Idwoulus's ghost (master TrAr)
 60124 | Zot:2    | Found a transporter.
 60661 | Zot:2    | Slain by a caustic shrike

Illustrated notes

Levels and vault maps discovered:
D:1:      roderic_crossed_star, layout_basic,
          wander_ebering_terrifying_dragon_lair
D:2:      layout_basic, dancing_weapons_uskayaw,
          chequers_temple_overflow_statue_of_worship
D:3:      cheibrodos_greedy_goblins, layout_rooms, minmay_joined_circles
D:4:      layout_basic
D:5:      kennysheep_six_static_rooms, layout_loops_ring, minmay_manual_moon
D:6:      layout_basic, lemuel_coloured_pillars_altar,
          minmay_temple_entry_antechambers, serial_shops,
          nicolae_shop_waterfront
D:7:      layout_gridville, lemuel_doored_altar, ebering_ghost_gozag,
          uniq_maggie
D:8:      layout_loops_ring, makhleb_altar_promises_db
D:9:      layout_loops_ring, david_orc_3, serial_shops, shop
D:10:     minmay_clustersquares, layout_rooms, dpeg_lair_monsters, serial_shops,
          nicolae_shop_behind_doors, ebering_ghost_rock_garden,
          lightli_elemental_guards, uniq_harold, uniq_psyche
D:11:     layout_basic
D:12:     layout_roguey, gauntlet_entry_generic,
          portal_ice_cave_entry_ice_beasts, fedhas_altar_4, uniq_urug
D:13:     layout_grid_maze, grunt_vaults_entry_tiered, uniq_snorg, uniq_kirke,
          uniq_erolcha
D:14:     layout_rooms, serial_shops, shop, fountainhead, laboratory,
          uniq_frances
D:15:     grunt_enter_depths_magical_seal, layout_layer_cave,
          serial_bayou_shore_b, elyvilon_altar_3
Lair:1:   layout_hall_layers
Lair:2:   layout_long_grid
Lair:3:   layout_small_grid, palyth_hydra_swamp_entry,
          grunt_forest_large_clearing_hut, uniq_rupert
Lair:4:   layout_cave_pods, guppyfry_snake_entry_garden, gammafunk_ghost_arena,
          serial_bayou_shore_a, infiniplex_staircase_pool
Lair:5:   layout_hall_layers, lemuel_fruit_tree
Lair:6:   hangedman_lair_in_review, layout_concentric_octagons, slime_dummy
Swamp:1:  layout_falls_marsh, evilmike_swamp_ruin_house_1, swamp_pool2
Swamp:2:  layout_basic_swamp, gammafunk_ghost_grave,
          evilmike_swamp_ruin_rubble_2
Swamp:3:  layout_basic_swamp, nicolae_swamp_orc_logging_accident,
          infiniplex_staircase_pool_2, uniq_nikola
Swamp:4:  swamp_pestilence, layout_basic_swamp, swamp_pool4, ldierk_geyser
Snake:1:  layout_gridlike, serial_shops, nicolae_shop_crystal, shop, shop
Snake:2:  layout_rooms, serial_shops, nicolae_shop_crystal
Snake:3:  layout_layer_cave, serial_shops,
          nicolae_shop_temple_entry_statues_fountains, drop_trap,
          hangedman_snake_corridor_split, grunt_megastairs_2,
          serial_bayou_shore_b, minmay_shoptagon
Snake:4:  snake_pit, layout_cave_town, ebering_ghost_inner_flame
Slime:1:  layout_caves, cheibrodos_slime_lost_civilization_4
Slime:2:  layout_caves
Slime:3:  layout_caves
Slime:4:  layout_caves
Slime:5
Orc:1:    layout_caves, nicolae_orc_crystal_geode
Orc:2:    st_orc_ogre_mass, layout_caves, enter_volcano_3
Elf:1:    eino_elf_arrival_the_gate, layout_geoelf_diagonals, serial_shops,
          shop_fountains, hangedman_elf_disciples, drop_trap, minmay_shop_grove,
          grunt_megastairs_4
Elf:2:    layout_loops_cross, minivault_15, corner_web_ring,
          serial_sigils_hangedman_shear, kennysheep_underground_church,
          uniq_roxanne, uniq_aizul
Elf:3:    elf_hall_gauntlet_narrow, layout_geoelf_octagon, serial_shops,
          nicolae_shop_waterfront, lemuel_flamethrower_hall, uniq_louise
Vaults:1: dpeg_vaults_monster_row, ontoclasm_vaults_shout,
          vaults_room_large_hall, nicolae_vaults_rhombus_6,
          ontoclasm_vaults_decontamination, grunt_vaults_bifocal,
          nicolae_vaults_asterisk, ontoclasm_vaults_eye,
          vaults_mumra_minichess_inversion, ontoclasm_vaults_pinch,
          nicolae_vaults_network_square, nicolae_vaults_little_squares_4,
          v_misc_24, v_misc_2, vaults_room_fours, layout_vaults_maze
Vaults:2: v_rooms_3, v_pattern_5, vaults_standard_mumra_lines, vaults_dpeg_ring,
          nicolae_vaults_bisected_exclaves, nicolae_vaults_branching_niches,
          vaults_room_stairs_pillars, nicolae_vaults_yaktaur_gun_rack,
          layout_vaults_omnigrid, uniq_boris
Vaults:3: minmay_crypt_entry_simple_round, hangedman_vaults_snaps,
          nicolae_vaults_gold_heap, v_misc_28, v_misc_18, vaults_dpeg_cross,
          nicolae_vaults_little_squares_4, hangedman_vaults_hat,
          ontoclasm_vaults_fault, nicolae_vaults_what_the_h, v_misc_22,
          vaults_standard_mumra_x, layout_vaults_big_room, uniq_mennas
Vaults:4: v_misc_5, v_misc_2, nicolae_vaults_triangles,
          nicolae_vaults_little_squares_2, nicolae_vaults_little_squares_1,
          grunt_vaults_diagonal, hangedman_vaults_restitches, st_smaller_cells,
          vaults_room_stairs_pillars, nicolae_vaults_rhombus_6, v_misc_13,
          layout_vaults_ring
Vaults:5: serial_shops, uniq_frederick
Depths:1: layout_cave_shapes, enter_ziggurat_a, kennysheep_cluttered_room,
          serial_shops, shop_coins, hell_entry, kennysheep_generic_room_6
Depths:2: minmay_the_grid_net [minmay_the_grid_empty,
          minmay_the_grid_minigrid_large, minmay_the_grid_minigrid_medium,
          minmay_the_grid_tree, minmay_the_grid_slots,
          minmay_the_grid_prize_four_corners_diamond_a], layout_gridlike,
          pf_hell_entry_tar_spiral, minmay_misc_feat_alley,
          infiniplex_staircase_zigzag_2, uniq_asterion, uniq_mara
Depths:3: grunt_house_of_mirrors, layout_cave_pools, abyss_entry_crystal,
          pan_entry, kennysheep_another_room, mu_enter_wizlab_5,
          grunt_hell_horde, small_chamber_with_monster,
          infiniplex_staircase_pillars_1
Depths:4: minmay_box_of_curves, layout_gridlike, hell_entry, abyss_entry,
          serial_corexii_hall, corexii_hall_statues_x, corexii_hall_statues_t,
          minmay_curled_crystal, serial_bayou_shore_b, uniq_sojobo
Depths:5: evilmike_zot_entry_basic, layout_basic, gammafunk_ghost_necromancy,
          grunt_hell_entry_dis_old, hex_intersection
Zot:1:    layout_gridville, gammafunk_ghost_berserking_beasts,
          grunt_megastairs_5
Zot:2:    circus_mu, layout_gridville, gammafunk_ghost_berserking_beasts,
          nicolae_lava_and_water

Skill      XL: |  1  2  3  4  5  6  7  8  9 10 11 12 13 14 15 16 17 18 19 20 21 22 23 24 25 26 27 |
---------------+----------------------------------------------------------------------------------+-----
Axes           | 3 4 5 6 7 10 11 12 13 15 16 17 18 19 20 21 22 23 24 25 26 27 | 27.0
Dodging        | 2 3 4 6 7 8 9 10 | 10.0
Armour         | 3 4 5 6 8 9 10 11 12 13 14 15 16 17 18 19 20 | 20.0
Fighting       | 4 5 6 8 9 10 12 13 14 15 16 17 18 19 20 21 22 24 | 24.6
Shields        | 2 4 6 |  6.0
Evocations     | 2 4 5 7 8 10 11 12 13 14 15 16 | 16.1

Action                   |  1- 3 |  4- 6 |  7- 9 | 10-12 | 13-15 | 16-18 | 19-21 | 22-24 | 25-27 || total
-------------------------+-------+-------+-------+-------+-------+-------+-------+-------+-------++-------
Melee: Hand axe          |   125 |    45 |    60 |       |       |       |       |       |       ||   230
       Mace              |       |   179 |   275 |       |       |       |       |       |       ||   454
       War axe           |       |       |    50 |   672 |   990 |       |       |       |   629 ||  2341
       Broad axe         |       |       |       |     4 |    79 |  1414 |  1076 |  1276 |   746 ||  4595
Invok: Berserk           |     3 |     5 |     6 |    14 |    19 |     6 |    14 |     9 |    14 ||    90
       Trog's Hand       |       |       |       |     8 |    13 |    10 |    17 |    19 |    16 ||    83
       Brothers in Arms  |       |       |       |     2 |     1 |       |     4 |     4 |       ||    11
 Abil: Fly               |       |       |       |       |     1 |       |       |     1 |       ||     2
       Stop Flying       |       |       |       |       |       |       |       |     1 |       ||     1
Evoke: Wand              |       |       |       |       |     1 |     1 |     7 |       |       ||     9
       Lightning rod     |       |       |       |       |       |       |     6 |       |       ||     6
  Use: Scroll            |       |       |       |    18 |     7 |    21 |    11 |    11 |    22 ||    90
       Potion            |       |       |       |       |       |       |       |       |    12 ||    12
 Stab: Invisible         |       |       |       |     5 |       |       |       |       |    44 ||    49
       Petrified         |       |       |       |       |       |     2 |       |       |       ||     2
       Petrifying        |       |       |       |       |       |     1 |       |       |       ||     1
       Distracted        |       |       |       |       |       |       |     1 |       |       ||     1
       Paralysed         |       |       |       |       |       |       |       |     3 |       ||     3
Armor: Animal skin       |    60 |    24 |       |       |       |       |       |       |       ||    84
       Chain mail        |       |   163 |   191 |       |     3 |       |       |       |       ||   357
       Plate armour      |       |       |    98 |   305 |   373 |   708 |   685 |   771 |   321 ||  3261
       Scale mail        |       |       |       |       |     4 |       |       |       |       ||     4
       Gold dragon scale |       |       |       |       |       |       |       |       |   732 ||   732
Dodge: Dodged            |   130 |   134 |   145 |   189 |   325 |   504 |   330 |   446 |   559 ||  2762
       Repelled          |       |       |       |     1 |    12 |    77 |    15 |    17 |    24 ||   146
Block: Other             |       |    19 |    84 |    15 |       |       |       |       |       ||   118
       Reflection        |       |     3 |     1 |     5 |    33 |    77 |    46 |    43 |    24 ||   232
       Kite shield       |       |       |       |   395 |   337 |       |       |       |       ||   732
       Buckler           |       |       |       |       |   238 |   741 |   427 |   574 |   648 ||  2628

Table legend: (Time is in decaauts)
 A = Elapsed time spent in this place.
 B = Non-inter-level travel time spent in this place.
 C = Inter-level travel time spent in this place.
 D = Time resting spent in this place.
 E = Time spent auto-exploring this place.
 F = Levels seen in this place.
 G = Mean time per level.
                   A        B        C        D        E       F      G
               +--------+--------+--------+--------+--------+-----+--------+
         Total |  59205 |  55112 |   4093 |   1725 |  40173 |  55 | 1076.5 |
       Dungeon |  16806 |  15217 |   1589 |    477 |  11352 |  15 | 1120.4 |
          Lair |   6625 |   5925 |    700 |    138 |   4969 |   6 | 1104.2 |
         Swamp |   3698 |   3570 |    128 |      0 |   2622 |   4 |  924.5 |
     Snake Pit |   5732 |   5543 |    189 |     56 |   4370 |   4 | 1433.0 |
    Slime Pits |    957 |    887 |     70 |    171 |    184 |   5 |  191.4 |
  Orcish Mines |   1854 |   1748 |    106 |      0 |   1178 |   2 |  927.0 |
   Elven Halls |   4312 |   4072 |    240 |    114 |   2743 |   3 | 1437.3 |
        Vaults |   7697 |   7167 |    530 |    267 |   5191 |   5 | 1539.4 |
        Depths |   7365 |   6902 |    463 |      0 |   5387 |   5 | 1473.0 |
           Zot |   1921 |   1846 |     75 |     13 |   1363 |   2 |  960.5 |
      Ice Cave |    944 |    944 |      0 |    289 |    371 |   1 |  944.0 |
       Volcano |    266 |    266 |      0 |      0 |    156 |   1 |  266.0 |
        Wizlab |    758 |    758 |      0 |    199 |    283 |   1 |  758.0 |
      Gauntlet |    265 |    265 |      0 |      0 |      0 |   1 |  265.0 |
               +--------+--------+--------+--------+--------+-----+--------+

Top non-repeatable levels by time:
Depths:4: 2091 daAuts
   Elf:3: 2023 daAuts
Depths:2: 1954 daAuts
  Lair:6: 1918 daAuts
 Snake:3: 1880 daAuts
    D:15: 1699 daAuts
Vaults:3: 1633 daAuts
Vaults:2: 1630 daAuts
    D:13: 1612 daAuts
 Snake:4: 1580 daAuts
Vaults:4: 1569 daAuts
     D:1: 1505 daAuts
Vaults:1: 1490 daAuts
     D:5: 1379 daAuts
Vaults:5: 1374 daAuts
